 Dungeon Crawl Stone Soup version 0.17.1-3-g152610e (webtiles) character file.

93 kaze the Skirmisher (level 4, -8/37 HPs)
             Began as a Demonspawn Berserker on Apr 9, 2016.
             Was a Believer of Trog.
             Killed from afar by a white imp (12 damage)
             ... with a puff of frost
             ... summoned by Natasha
             ... on level 2 of the Dungeon on Apr 10, 2016.
             The game lasted 00:04:43 (1173 turns).

kaze the Skirmisher (Demonspawn Berserker)          Turns: 1173, Time: 00:04:43

Health: -8/37      AC:  6    Str: 18    XL:     4   Next: 37%
Magic:  4/4        EV: 11    Int:  8    God:    Trog [**....]
Gold:   78         SH:  0    Dex: 15    Spells: 0 memorised, 3 levels left

rFire  . . .     SeeInvis .     a - +0 spear
rCold  . . .     Clarity  .     j - +0 scale mail
rNeg   . . .     SustAt   .     (no shield)
rPois  .         Gourm    .     (no helmet)
rElec  .         Spirit   .     (no cloak)
rCorr  .         Warding  .     (no gloves)
rMut   .         Stasis   .     (no boots)
MR     ++...                    (no amulet)
Stlth  +.........               (no ring)
                                (no ring)

@: regenerating, slowed, very slow, very resistant to hostile enchantments, very
unstealthy
A: thin skeletal structure 1, demonic guardian 1, powered by death 1
a: Berserk, Trog's Hand, Burn Spellbooks, Renounce Religion


You were on level 2 of the Dungeon.
You worshipped Trog.
Trog was pleased with you.
You were not hungry.

You visited 1 branch of the dungeon, and saw 2 of its levels.

You collected 78 gold pieces.

Inventory:

Hand Weapons
 a - a +0 spear (weapon)
Armour
 b - a +0 animal skin
 j - a +0 scale mail (worn)
Jewellery
 q - an uncursed amulet of warding {unknown}
Scrolls
 e - a scroll of amnesia {unknown}
 m - a scroll of teleportation {unknown}
 n - a scroll of noise {unknown}
Potions
 d - a potion of ambrosia {unknown}
 f - a potion of mutation {unknown}
 h - 2 potions of flight {unknown}
 i - a potion of lignification {unknown}
 k - a potion of heal wounds {unknown}
 l - a potion of brilliance {unknown}
 o - 2 potions of invisibility {unknown}
 p - a potion of poison {unknown}
Comestibles
 c - 2 bread rations
 g - a beef jerky


   Skills:
 + Level 3.7 Fighting
 + Level 3.3 Polearms
 + Level 1.9 Armour
 + Level 2.9 Dodging
 + Level 0.4 Stealth


You had 3 spell levels left.
You didn't know any spells.

Dungeon Overview and Level Annotations

Branches:
Dungeon (2/15)

Altars:

Annotations:
D:2 Natasha


Innate Abilities, Weirdness & Mutations

You have a somewhat thin skeletal structure (Dex +2, Stealth).
A weak demonic guardian rushes to your aid.
You regenerate a little health from kills.


Message History

The shadow imp hits you.
* * * LOW HITPOINT WARNING * * *
Natasha misses you.
The white imp hits you but does no damage.
You barely miss Natasha.
Natasha is severely wounded.
The shadow imp hits you.
* * * LOW HITPOINT WARNING * * *
Natasha howls an incantation.
Natasha glows brightly for a moment.
Natasha closely misses you. The white imp misses you.
The shadow imp barely misses you. Natasha claws you!
* * * LOW HITPOINT WARNING * * *
The white imp closely misses you.
Your ufetubus hits the shadow imp.
Your ufetubus completely misses the shadow imp.
The shadow imp hits your ufetubus.
Your ufetubus dies!
Natasha mumbles some strange words.
The white imp gestures at you. The puff of frost hits you!
You die...

..........##..##
.....######..## .....#
#...## .....# #...# ##
.....####...## +#.#
.............###..# ###.
.....####........###.....
................5.h..#
.##############.@55..# .#
######## .# ## .## ..#
#.### #...### ###...#####


You could see Natasha, a crimson imp, a white imp and a shadow imp.

Vanquished Creatures
  Terence (D:2)
  3 adders (D:2)
  A worm (D:2)
  A ball python (D:2)
  A giant cockroach (D:1)
  4 hobgoblins (D:2)
  5 jackals
  A quokka (D:2)
  5 bats
  4 giant newts
  5 goblins
  8 kobolds
  4 rats (D:2)
43 creatures vanquished.

Notes
Turn   | Place    | Note
--------------------------------------------------------------
     0 | D:1      | kaze the Demonspawn Berserker began the quest for the Orb.
     0 | D:1      | Reached XP level 1. HP: 18/18 MP: 1/1
   238 | D:1      | Gained mutation: You regenerate a little health from kills. [demonic ancestry]
   238 | D:1      | Reached XP level 2. HP: 9/24 MP: 2/2
   719 | D:2      | Reached ** piety under Trog
   732 | D:2      | Gained mutation: A weak demonic guardian rushes to your aid. [demonic ancestry]
   732 | D:2      | Reached XP level 3. HP: 14/29 MP: 3/3
   845 | D:2      | Noticed Terence
   855 | D:2      | Killed Terence
   946 | D:2      | Gained mutation: You have a somewhat thin skeletal structure (Dex +2, Stealth). [demonic ancestry]
   946 | D:2      | Reached XP level 4. HP: 19/36 MP: 4/4
  1159 | D:2      | Noticed Natasha
  1173 | D:2      | Killed from afar by a white imp

Action                   |  1- 3 |  4- 6 || total
-------------------------+-------+-------++-------
Melee: Spear             |   144 |    57 ||   201
Invok: Berserk           |     1 |       ||     1
       Trog's Hand       |       |     1 ||     1
 Stab: Sleeping          |     2 |       ||     2
  Eat: Bread ration      |     1 |       ||     1
